 Dungeon Crawl Stone Soup version 0.16-a0-393-g278d215 (webtiles) character file.

6671 Misa the Covert (level 10, 44/50 HPs)
             Began as a Spriggan Enchanter on Sept 7, 2014.
             Was a Follower of Ashenzari.
             Quit the game on Level 9 of the Dungeon on Sept 14, 2014.
             The game lasted 00:47:53 (6438 turns).

Misa the Covert (Spriggan Enchanter)                Turns: 6438, Time: 00:47:53

HP  44/50        AC  3     Str  4      XL: 10   Next: 73%
MP  31/31        EV 17     Int 20      God: Ashenzari [*.....]
Gold 345         SH  5     Dex 17      Spells:  3 memorised, 22 levels left

rFire  . . .     SeeInvis +     C - +1 dagger (venom)
rCold  . . .     Clarity  .     b - +1 robe
rNeg   . . .     rCorr    .     p - +0 buckler
rPois  .         rRot     .     (helmet restricted)
rElec  .         Spirit   .     (no cloak)
SustAb .         Warding  .     (gloves unavailable)
rMut   .         Stasis   .     (boots unavailable)
Gourm  .                        (no amulet)
MR     ++...                    J - ring of teleport control
                                j - ring of protection from magic

@: very quick, very resistant to hostile enchantments, very stealthy
A: unfitting armour, see invisible, herbivore 3, speed 3, slow metabolism 2
a: Renounce Religion, Evoke Teleport Control


You were on level 9 of the Dungeon.
You worshipped Ashenzari.
Ashenzari was aware of your devotion.
You were full.

You visited 3 branches of the dungeon, and saw 14 of its levels.

You collected 345 gold pieces.

Inventory:

Hand weapons
 a - a +1 dagger
 C - a +1 dagger of venom (weapon)
 I - a +1 dagger of electrocution
Missiles
 r - 14 poisoned needles (quivered)
Armour
 b - a +1 robe (worn)
 p - a +0 buckler (worn)
Magical devices
 d - a wand of lightning (4)
 o - a wand of random effects (21) {unknown}
 E - a wand of draining (7) {unknown}
 L - a wand of cold (7) {unknown}
Comestibles
 l - 7 bread rations
 M - 3 fruits
Scrolls
 f - 3 scrolls of remove curse
 g - 6 scrolls of teleportation {unknown}
 h - 2 scrolls of identify {unknown}
 i - 2 scrolls of enchant armour {unknown}
 k - a scroll of immolation {unknown}
 m - a scroll of amnesia {unknown}
 n - 3 scrolls of random uselessness {unknown}
 q - 2 scrolls of recharging {unknown}
 u - a scroll of blinking {unknown}
 v - 2 scrolls of fear {unknown}
 w - a scroll of summoning {unknown}
 y - a scroll of acquirement {unknown}
 A - a scroll of noise {unknown}
 G - a scroll of magic mapping {unknown}
 N - a scroll of torment {unknown}
Jewellery
 j - a ring of protection from magic (left hand)
 J - a ring of teleport control (right hand)
Potions
 e - a potion of heal wounds {unknown}
 s - 4 potions of brilliance {unknown}
 t - 4 potions of curing {unknown}
 x - 3 potions of agility {unknown}
 z - a potion of haste {unknown}
 B - a potion of lignification {unknown}
 D - a potion of invisibility {unknown}
 F - a potion of magic {unknown}
 H - a potion of flight {unknown}
 K - 2 potions of restore abilities {unknown}
Books
 c - a book of Maledictions

   Spells                             Type                      Level
   *Corona                            Hexes                        1
   Sure Blade                         Hexes/Charms                 2
   *Ensorcelled Hibernation           Hexes/Ice                    2
   *Confuse                           Hexes                        3
   Dazzling Spray                     Conjuration/Hexes            3
   Enslavement                        Hexes                        4


   Skills:
 + Level 4.2 Fighting
 + Level 8.5 Short Blades
 - Level 3.0 Dodging
 + Level 12.4 Stealth
 + Level 9.7 Spellcasting
 + Level 10.1 Hexes


You had 22 spell levels left.
You knew the following spells:

 Your Spells              Type           Power        Failure   Level  Hunger
a - Corona                Hex            ######.      1%          1    None
b - Ensorcelled Hibernat  Hex/Ice        ####..       1%          2    None
c - Confuse               Hex            ######..     1%          3    None


Dungeon Overview and Level Annotations

Branches:
Dungeon (12/15)            Temple (1/1) D:5             Orc (0/4) D:10
   Lair (1/8) D:9

Altars:
Ashenzari
Dithmenos
Elyvilon
Fedhas
Nemelex Xobeh
Vehumet
Zin

Annotations:
D:3 exclusion: downstairs
D:4 namelastname112's ghost, average DrSu
D:10 exclusion: downstairs
D:12 exclusions: orange crystal statue and upstairs, Erolcha; Josephine


Innate Abilities, Weirdness & Mutations

You are tiny and cannot use many weapons and most armour.
You have supernaturally acute eyesight.
You are a herbivore.
You cover ground extremely quickly.
You need consume almost no food.


Message History

There is a staircase to the Lair here.
You climb downwards.
Welcome to the Lair of Beasts!
A crocodile comes into view.
Found 6 gold pieces.
There is a staircase back to the Dungeon here.
Found an uncursed ring of magical power.
Found an uncursed dagger.
The helpless crocodile fails to defend itself.
You cut the crocodile into ribbons!!!!
You kill the crocodile! 2 wolves come into view.
There is a staircase back to the Dungeon here. 2 wolves come into view.
You climb upwards.
Welcome back to the Dungeon!
There is a staircase to the Lair here.
Saving game... please wait.
Welcome back, Misa the Spriggan Enchanter.
Ashenzari says: Partake of my vision.
Partake of my curse.
Press ? for a list of commands and other information.
Are you sure you want to abandon this character and quit the game? (Confirm with "yes".)

#..## #$.# #.#..)#
....####....#
##.<.##..#
............# #...##
### ....######...
#...#.# .[.## #..
....#..#.# #..## #..
### ####.# ##.)##
##[## ###.# ##..##
#...#######...#
##..####..#...@...#..#
##..##.....#...#....#
##..#....##PP.##...#
##....#..PPPP...#.#
#....#....>PP..#.#
##...#...PPPP..#.#
#.....##P..##...#
#......#...#....#
#....#.......#..#


There were no monsters in sight!

Vanquished Creatures
  A hydra (D:10)
  Nergalle (D:10)
  An unseen horror (D:10)
  Pikel (D:5)
  A hill giant (D:11)
  A centaur skeleton (D:10)
  Psyche (D:9)
  A spriggan (D:7)
  5 yaks
  A hill giant skeleton (D:9)
  A hippogriff (D:9)
  3 wargs (D:10)
  A water moccasin (D:6)
  A black bear (D:11)
  2 ogres
  4 slaves (D:5)
  An orc warrior (D:10)
  2 ice beasts (D:9)
  A crocodile (Lair:1)
  2 centaurs
  Sigmund (D:5)
  2 scorpions
  5 killer bees
  A tengu skeleton (D:12)
  A crimson imp (D:11)
  2 orc priests
  7 hounds
  A black bear skeleton (D:9)
  5 orc wizards
  An iguana (D:8)
  5 worker ants
  A big kobold zombie (D:5)
  A sky beast zombie (D:5)
  A big kobold skeleton (D:9)
  5 adders
  An orc skeleton (D:6)
  3 shadow imps
  A worm (D:4)
  3 giant geckos
  21 orcs
  A ball python (D:1)
  12 bats
  3 giant cockroaches
  5 hobgoblins
  7 jackals
  6 kobolds
  5 quokkas
  A giant gecko skeleton (D:6)
  2 giant newts (D:3)
  4 goblins
  A quokka skeleton (D:6)
  6 rats
  2 ballistomycetes (D:7)
  2 fungi (D:9)
157 creatures vanquished.

Vanquished Creatures (others)
  An orc (D:3)
  A giant spore (D:7)
  2 plants (D:8)
4 creatures vanquished.

Grand Total: 161 creatures vanquished

Notes
Turn   | Place    | Note
--------------------------------------------------------------
     0 | D:1      | Misa, the Spriggan Enchanter, began the quest for the Orb.
     0 | D:1      | Reached XP level 1. HP: 9/9 MP: 4/4
   279 | D:1      | Reached XP level 2. HP: 2/13 MP: 5/7
   546 | D:1      | Learned a level 2 spell: Ensorcelled Hibernation
   624 | D:3      | Noticed an orc warrior
   783 | D:3      | Reached skill level 5 in Stealth
   897 | D:4      | Noticed an ogre
   970 | D:3      | Reached XP level 3. HP: 16/16 MP: 1/10
  1207 | D:3      | Found a radiant altar of Vehumet.
  1543 | D:4      | Noticed namelastname112's ghost (average DrSu)
  1574 | D:4      | Reached XP level 4. HP: 6/21 MP: 13/13
  1678 | D:4      | Reached skill level 6 in Stealth
  1678 | D:4      | Reached XP level 5. HP: 12/24 MP: 14/17
  1875 | D:5      | Entered Level 5 of the Dungeon
  1964 | D:5      | Noticed an ogre
  1996 | D:5      | Killed an ogre
  1996 | D:5      | Reached skill level 5 in Hexes
  2055 | D:5      | Noticed a slave
  2056 | D:5      | Noticed a slave
  2056 | D:5      | Noticed a slave
  2078 | D:5      | Killed a slave
  2118 | D:5      | Reached XP level 6. HP: 28/28 MP: 8/20
  2214 | D:5      | Killed a slave
  2263 | D:5      | Noticed Pikel
  2265 | D:5      | Noticed a slave
  2282 | D:5      | Killed a slave
  2308 | D:5      | Killed a slave
  2416 | D:5      | Found a staircase to the Ecumenical Temple.
  2425 | Temple   | Entered the Ecumenical Temple
  2429 | Temple   | Became a worshipper of Ashenzari the Shackled
  2450 | D:5      | Noticed Sigmund
  2477 | D:5      | Killed Sigmund
  2674 | D:5      | Learned a level 3 spell: Confuse
  2836 | D:5      | Killed Pikel
  2836 | D:5      | Reached skill level 8 in Stealth
  2836 | D:5      | Reached skill level 5 in Spellcasting
  2836 | D:5      | Reached XP level 7. HP: 32/32 MP: 17/23
  2958 | D:6      | Noticed a water moccasin
  2981 | D:6      | Killed a water moccasin
  2981 | D:6      | Reached skill level 5 in Short Blades
  2981 | D:6      | Reached XP level 8. HP: 34/36 MP: 20/25
  3368 | D:6      | Found a sparkling altar of Nemelex Xobeh.
  3693 | D:7      | Reached skill level 9 in Stealth
  4093 | D:9      | Found a staircase to the Lair.
  4123 | D:9      | Noticed Psyche
  4178 | D:9      | Killed Psyche
  4178 | D:9      | Reached skill level 1 in Fighting
  4178 | D:9      | Reached skill level 10 in Stealth
  4178 | D:9      | Reached XP level 9. HP: 34/41 MP: 19/28
  4244 | D:10     | Entered Level 10 of the Dungeon
  4244 | D:10     | Noticed Nergalle
  4250 | D:10     | Killed Nergalle
  4277 | D:10     | Noticed a five-headed hydra
  4280 | D:10     | Found a staircase to the Orcish Mines.
  4294 | D:10     | Killed a five-headed hydra
  4294 | D:10     | Reached skill level 11 in Stealth
  4586 | D:11     | Noticed an unseen horror
  4611 | D:10     | Killed an unseen horror
  4611 | D:10     | Reached XP level 10. HP: 36/49 MP: 21/30
  4681 | D:9      | Upgraded the game from 0.16-a0-331-g39fd2ee to 0.16-a0-343-gabea0e8
  5125 | D:10     | Noticed a centaur skeleton
  5157 | D:10     | Killed a centaur skeleton
  5374 | D:10     | Reached skill level 12 in Stealth
  5613 | D:11     | Found a shadowy altar of Dithmenos.
  5615 | D:11     | Noticed a hill giant
  5625 | D:11     | Killed a hill giant
  5763 | D:12     | Noticed Erolcha
  5805 | D:12     | Reached skill level 10 in Hexes
  5835 | D:12     | Noticed Josephine
  6417 | Lair:1   | Entered Level 1 of the Lair of Beasts
  6438 | D:9      | Upgraded the game from 0.16-a0-343-gabea0e8 to 0.16-a0-393-g278d215
  6438 | D:9      | Quit the game

Action                   |  1- 3 |  4- 6 |  7- 9 | 10-12 || total
-------------------------+-------+-------+-------+-------++-------
Melee: Dagger            |    87 |    76 |   131 |   180 ||   474
 Cast: Corona            |    10 |       |       |       ||    10
       Ensorcelled Hiber |    26 |    41 |    31 |    13 ||   111
       Confuse           |       |     3 |    20 |    19 ||    42
Evoke: Wand              |       |     1 |       |       ||     1
  Use: Potion            |       |     1 |     1 |       ||     2
 Stab: Sleeping          |    22 |    22 |    30 |    21 ||    95
       Confused          |       |     4 |    16 |    10 ||    30
       Distracted        |       |       |       |     1 ||     1
